| TOP OF THE 1ST |
|
Milwaukee Brewers batting - Pitching for Cincinnati Reds : RHP Curt Stevens
|
|
Pitching: RHP Curt Stevens
|
|
|
Batting: RHB Daniel Donovan
|
0-0: Ball 1-0: Ball 2-0: Ball 3-0: Called Strike 3-1: Base on Balls
|
|
Batting: RHB Adrian Rudkilde
|
0-0: Ball Wild Pitch! Daniel Donovan to second 1-0: Sac Bunt to 25 - play at first, batter OUT! 5-3 Daniel Donovan to third
|
|
Batting: SHB Jason Woods
|
0-0: Swinging Strike 0-1: Ground out 4-3 (Groundball, 4S, EV 63.1 MPH) Daniel Donovan scores
|
|
Batting: RHB Adriaan Pieters
|
0-0: Swinging Strike 0-1: DOUBLE (Line Drive, 7LS, EV 93.1 MPH)
|
|
Batting: LHB Jeff Taylor
|
0-0: Called Strike 0-1: DOUBLE (Line Drive, 7LM, EV 98.1 MPH) Adriaan Pieters scores
|
|
Batting: SHB Jean-François Bernard
|
0-0: Ball 1-0: Swinging Strike 1-1: Foul Ball, location: 2F 1-2: Ball 2-2: Strikes out swinging
|
| Top of the 1st over - 2 runs, 2 hits, 0 errors, 1 left on base; Milwaukee 2 - Cincinnati 0 |
| BOTTOM OF THE 1ST |
|
Cincinnati Reds batting - Pitching for Milwaukee Brewers : RHP Mekonen Mahfudh
|
|
Pitching: RHP Mekonen Mahfudh
|
|
|
Batting: LHB Sean Geisler
|
0-0: Called Strike 0-1: Ball 1-1: Foul Ball, location: 2F 1-2: Strikes out swinging
|
|
Batting: SHB Dave Barefoot
|
0-0: DOUBLE (Line Drive, 7LS, EV 92.5 MPH)
|
|
Batting: LHB Jake Bill
|
0-0: Called Strike Dave Barefoot steals 3rd, throwing error, E2 Dave Barefoot scores 0-1: SINGLE (Line Drive, 4MD, EV 110.6 MPH)
|
|
Batting: RHB Willie Cardamone
|
0-0: Foul Ball, location: 2F 0-1: Ball 1-1: Ball 2-1: Foul Ball, location: 2F 2-2: Ball 3-2: Strikes out looking
|
|
Batting: SHB Saulo Maina
|
0-0: Ball 1-0: Ball 2-0: Called Strike 2-1: SINGLE (Groundball, 34D, EV 105.0 MPH) Jake Bill to second Runner from 2nd tries for 3rd, SAFE, throw by RF made to third Saulo Maina to second
|
|
Batting: LHB Satoru Handa
|
0-0: Foul Ball, location: 2F 0-1: Fly out, F5 (Popup, 5S, EV 85.0 MPH)
|
| Bottom of the 1st over - 1 run, 3 hits, 1 error, 2 left on base; Milwaukee 2 - Cincinnati 1 |
| TOP OF THE 2ND |
|
Milwaukee Brewers batting - Pitching for Cincinnati Reds : RHP Curt Stevens
|
|
Batting: RHB Kisho Ito
|
0-0: Foul Ball, location: 2F 0-1: Foul Ball, location: 2F 0-2: Strikes out swinging
|
|
Batting: RHB Jason Gee
|
0-0: Swinging Strike 0-1: Swinging Strike 0-2: Foul Ball, location: 2F 0-2: Ball 1-2: Foul Ball, location: 2F 1-2: Ball 2-2: Strikes out swinging
|
|
Batting: RHB Ben Campbell
|
0-0: Ball 1-0: Ball 2-0: Fly out, F8 (Line Drive, 8LM, EV 95.6 MPH)
|
| Top of the 2nd over - 0 runs, 0 hits, 0 errors, 0 left on base; Milwaukee 2 - Cincinnati 1 |
| BOTTOM OF THE 2ND |
|
Cincinnati Reds batting - Pitching for Milwaukee Brewers : RHP Mekonen Mahfudh
|
|
Batting: LHB Shawn Morrison
|
0-0: Ball 1-0: Called Strike 1-1: Foul Ball, location: 2F 1-2: Ball 2-2: Ball 3-2: SOLO HOME RUN (Flyball, 9D, EV 99.4 MPH), Distance : 395 ft
|
|
Batting: RHB Fred Slade
|
0-0: Ball 1-0: Called Strike 1-1: Ball 2-1: Ball 3-1: Base on Balls
|
|
Batting: LHB Andy Arbuckle
|
0-0: Called Strike Fred Slade is caught stealing 2nd base 2-6 0-1: Ball 1-1: Swinging Strike 1-2: Foul Ball, location: 2F 1-2: Ball 2-2: Ball 3-2: Fly out, F8 (Flyball, 8RM, EV 83.1 MPH)
|
|
Batting: LHB Sean Geisler
|
0-0: DOUBLE (Flyball, 89XD, EV 93.8 MPH)
|
|
Batting: SHB Dave Barefoot
|
0-0: Foul Ball, location: 2F 0-1: Ball 1-1: Foul Ball, location: 2F 1-2: Ball 2-2: Strikes out swinging
|
| Bottom of the 2nd over - 1 run, 2 hits, 0 errors, 1 left on base; Milwaukee 2 - Cincinnati 2 |
| TOP OF THE 3RD |
|
Milwaukee Brewers batting - Pitching for Cincinnati Reds : RHP Curt Stevens
|
|
Batting: RHB Daniel Donovan
|
0-0: Called Strike 0-1: SINGLE (Groundball, 56S, EV 72.5 MPH) (infield hit)
|
|
Batting: RHB Adrian Rudkilde
|
0-0: Swinging Strike 0-1: Ball 1-1: Foul Ball, location: 2F 1-2: Strikes out swinging
|
|
Batting: SHB Jason Woods
|
0-0: Ball 1-0: Called Strike 1-1: Ball 2-1: Swinging Strike 2-2: Ball 3-2: Foul Ball, location: 2F 3-2: SINGLE (Groundball, 6MD, EV 96.2 MPH) Daniel Donovan to second
|
|
Batting: RHB Adriaan Pieters
|
0-0: Ball Daniel Donovan steals 3rd base Jason Woods to second 1-0: Ball 2-0: Ball 3-0: Called Strike 3-1: Foul Ball, location: 2F Pickoff Throw to Third - Error! E1 Daniel Donovan scores Jason Woods to third 3-2: Foul Ball, location: 2F 3-2: Strikes out swinging
|
|
Batting: LHB Jeff Taylor
|
0-0: Ball 1-0: Ball 2-0: Ground out 5-3 (Groundball, 5S, EV 69.4 MPH)
|
| Top of the 3rd over - 1 run, 2 hits, 1 error, 1 left on base; Milwaukee 3 - Cincinnati 2 |
| BOTTOM OF THE 3RD |
|
Cincinnati Reds batting - Pitching for Milwaukee Brewers : RHP Mekonen Mahfudh
|
|
Batting: LHB Jake Bill
|
0-0: Called Strike 0-1: Foul Ball, location: 2F 0-2: Ball 1-2: Ground out 5-3 (Groundball, 56, EV 103.1 MPH)
|
|
Batting: RHB Willie Cardamone
|
0-0: Foul Ball, location: 2F 0-1: Ball 1-1: SINGLE (Line Drive, 89M, EV 106.9 MPH)
|
|
Batting: SHB Saulo Maina
|
0-0: Fly out, F4 (Flyball, 4D, EV 88.1 MPH)
|
|
Batting: LHB Satoru Handa
|
0-0: Ball Willie Cardamone is caught stealing 2nd base 2-6
|
| Bottom of the 3rd over - 0 runs, 1 hit, 0 errors, 0 left on base; Milwaukee 3 - Cincinnati 2 |
| TOP OF THE 4TH |
|
Milwaukee Brewers batting - Pitching for Cincinnati Reds : RHP Curt Stevens
|
|
Batting: SHB Jean-François Bernard
|
0-0: Called Strike 0-1: Ball 1-1: Ball 2-1: Ball 3-1: Ground out U3 (Groundball, 34, EV 86.2 MPH)
|
|
Batting: RHB Kisho Ito
|
0-0: Swinging Strike 0-1: Ground out 1-3 (Groundball, 13, EV 66.9 MPH)
|
|
Batting: RHB Jason Gee
|
0-0: Fly out, F8 (Line Drive, 8RS, EV 108.1 MPH)
|
| Top of the 4th over - 0 runs, 0 hits, 0 errors, 0 left on base; Milwaukee 3 - Cincinnati 2 |
| BOTTOM OF THE 4TH |
|
Cincinnati Reds batting - Pitching for Milwaukee Brewers : RHP Mekonen Mahfudh
|
|
Batting: LHB Satoru Handa
|
0-0: Ball 1-0: Ground out 5-3 (Groundball, 5L, EV 108.1 MPH)
|
|
Batting: LHB Shawn Morrison
|
0-0: Swinging Strike 0-1: Ground out 6-3 (Groundball, 6MD, EV 78.8 MPH)
|
|
Batting: RHB Fred Slade
|
0-0: Foul Ball, location: 2F 0-1: Ball 1-1: Foul Ball, location: 2F 1-2: Ball 2-2: Ball 3-2: Ground out 6-3 (Groundball, 56D, EV 104.4 MPH)
|
| Bottom of the 4th over - 0 runs, 0 hits, 0 errors, 0 left on base; Milwaukee 3 - Cincinnati 2 |
| TOP OF THE 5TH |
|
Milwaukee Brewers batting - Pitching for Cincinnati Reds : RHP Curt Stevens
|
|
Batting: RHB Ben Campbell
|
0-0: Foul Ball, location: 2F 0-1: Ball 1-1: Foul Ball, location: 2F 1-2: Foul Ball, location: 2F 1-2: Strikes out swinging
|
|
Batting: RHB Daniel Donovan
|
0-0: Foul Ball, location: 2F 0-1: Ball 1-1: DOUBLE (Line Drive, 8RXD, EV 102.5 MPH)
|
|
Batting: RHB Adrian Rudkilde
|
0-0: Called Strike 0-1: Swinging Strike 0-2: Ball 1-2: Foul Ball, location: 2F 1-2: Ball 2-2: Strikes out looking
|
|
Batting: SHB Jason Woods
|
0-0: Ball 1-0: Ball 2-0: Ball 3-0: Base on Balls
|
|
Batting: RHB Adriaan Pieters
|
0-0: Ball 1-0: Foul Ball, location: 2F 1-1: Ball 2-1: Fly out, F9 (Flyball, 9, EV 84.4 MPH)
|
| Top of the 5th over - 0 runs, 1 hit, 0 errors, 2 left on base; Milwaukee 3 - Cincinnati 2 |
| BOTTOM OF THE 5TH |
|
Cincinnati Reds batting - Pitching for Milwaukee Brewers : RHP Mekonen Mahfudh
|
|
Batting: LHB Andy Arbuckle
|
0-0: Ball 1-0: Ball 2-0: Ball 3-0: Base on Balls
|
|
Batting: LHB Sean Geisler
|
0-0: Ball 1-0: Ball 2-0: Foul Ball, location: 2F 2-1: Foul Ball, location: 2F 2-2: Ball 3-2: 2-RUN HOME RUN (Flyball, 9D, EV 99.4 MPH), Distance : 374 ft
|
|
Batting: SHB Dave Barefoot
|
0-0: DOUBLE (Flyball, 78D, EV 111.9 MPH)
|
|
Batting: LHB Jake Bill
|
0-0: Foul Ball, location: 2F 0-1: Ball 1-1: Foul Ball, location: 2F 1-2: Ball 2-2: Foul Ball, location: 2F 2-2: Ball 3-2: Ground out 6-3 (Groundball, 6, EV 83.8 MPH) Dave Barefoot to third
|
|
Batting: RHB Willie Cardamone
|
0-0: Called Strike 0-1: Swinging Strike 0-2: Ball 1-2: Foul Ball, location: 2F 1-2: Ball 2-2: Ball 3-2: Ground out 4-3 (Groundball, 4, EV 93.1 MPH)
|
|
Batting: SHB Saulo Maina
|
0-0: Called Strike 0-1: Swinging Strike 0-2: Ground out U3 (Groundball, 3, EV 100.0 MPH)
|
| Bottom of the 5th over - 2 runs, 2 hits, 0 errors, 1 left on base; Milwaukee 3 - Cincinnati 4 |
| TOP OF THE 6TH |
|
Milwaukee Brewers batting - Pitching for Cincinnati Reds : RHP Curt Stevens
|
|
Batting: LHB Jeff Taylor
|
0-0: Ball 1-0: SINGLE (Groundball, 4, EV 98.1 MPH)
|
|
Batting: SHB Jean-François Bernard
|
0-0: Called Strike 0-1: Fielders Choice at 2nd, 4-6 (Groundball, 4, EV 76.2 MPH)
|
|
Batting: RHB Kisho Ito
|
0-0: Ball Jean-François Bernard steals 2nd base 1-0: Foul Ball, location: 2F 1-1: Foul Ball, location: 2F 1-2: Strikes out swinging
|
|
Batting: RHB Jason Gee
|
0-0: Fly out, F7 (Flyball, 78S, EV 78.1 MPH)
|
| Top of the 6th over - 0 runs, 1 hit, 0 errors, 1 left on base; Milwaukee 3 - Cincinnati 4 |
| BOTTOM OF THE 6TH |
|
Cincinnati Reds batting - Pitching for Milwaukee Brewers : RHP Mekonen Mahfudh
|
|
Batting: LHB Satoru Handa
|
0-0: Ball 1-0: Foul Ball, location: 2F 1-1: SINGLE (Groundball, 4M, EV 103.1 MPH) (infield hit)
|
|
Batting: LHB Shawn Morrison
|
0-0: Ball Satoru Handa steals 2nd base (no throw) 1-0: Foul Ball, location: 2F 1-1: Ball 2-1: DOUBLE (Line Drive, 89D, EV 105.6 MPH) Satoru Handa scores
|
|
Pitching: RHP Jose Avila
|
|
|
Batting: RHB Fred Slade
|
0-0: Swinging Strike 0-1: Ball 1-1: Ground out 5-3 (Groundball, 56, EV 78.1 MPH)
|
|
Batting: LHB Andy Arbuckle
|
0-0: Ball Shawn Morrison steals 3rd base 1-0: DOUBLE (Line Drive, 7LM, EV 107.5 MPH) Shawn Morrison scores
|
|
Batting: LHB Sean Geisler
|
0-0: Ball 1-0: Foul Ball, location: 2F 1-1: Ball 2-1: Swinging Strike 2-2: Ball 3-2: Foul Ball, location: 2F 3-2: Foul Ball, location: 2F 3-2: SINGLE (Groundball, 6, EV 96.2 MPH) Andy Arbuckle to third Runner from 3rd tries for Home, throw by LF and OUT! 7-2 Sean Geisler to second
|
|
Batting: SHB Dave Barefoot
|
0-0: Swinging Strike 0-1: Called Strike 0-2: Foul Ball, location: 2F 0-2: Foul Ball, location: 2F 0-2: Foul Ball, location: 2F 0-2: Strikes out swinging
|
| Bottom of the 6th over - 2 runs, 4 hits, 0 errors, 1 left on base; Milwaukee 3 - Cincinnati 6 |
| TOP OF THE 7TH |
|
Milwaukee Brewers batting - Pitching for Cincinnati Reds : RHP Curt Stevens
|
|
Batting: RHB Ben Campbell
|
0-0: Ball 1-0: Ball 2-0: Foul Ball, location: 2F 2-1: Foul Ball, location: 2F 2-2: Foul Ball, location: 2F 2-2: Strikes out looking
|
|
Batting: RHB Daniel Donovan
|
0-0: Ball 1-0: Called Strike 1-1: Foul Ball, location: 2F 1-2: Strikes out swinging
|
|
Batting: RHB Adrian Rudkilde
|
0-0: Foul Ball, location: 2F 0-1: Called Strike 0-2: Strikes out swinging
|
| Top of the 7th over - 0 runs, 0 hits, 0 errors, 0 left on base; Milwaukee 3 - Cincinnati 6 |
| BOTTOM OF THE 7TH |
|
Cincinnati Reds batting - Pitching for Milwaukee Brewers : RHP Jose Avila
|
|
Pitching: RHP Malibok Fflunker
|
|
|
Batting: LHB Jake Bill
|
0-0: Ball 1-0: Called Strike 1-1: SOLO HOME RUN (Flyball, 7LD, EV 94.4 MPH), Distance : 351 ft
|
|
Batting: RHB Willie Cardamone
|
0-0: Ball 1-0: TRIPLE (Flyball, 9LD, EV 113.1 MPH)
|
|
Batting: SHB Saulo Maina
|
0-0: Ground out 6-3 (Groundball, 6, EV 90.6 MPH) Willie Cardamone scores
|
|
Batting: LHB Satoru Handa
|
0-0: Foul Ball, location: 2F 0-1: Ball 1-1: Swinging Strike 1-2: Ground out 6-3 (Groundball, 6, EV 103.8 MPH)
|
|
Batting: LHB Shawn Morrison
|
0-0: Ground out 6-3 (Groundball, 6, EV 85.6 MPH)
|
| Bottom of the 7th over - 2 runs, 2 hits, 0 errors, 0 left on base; Milwaukee 3 - Cincinnati 8 |
| TOP OF THE 8TH |
|
Milwaukee Brewers batting - Pitching for Cincinnati Reds : RHP Curt Stevens
|
|
Batting: SHB Jason Woods
|
0-0: Ball 1-0: Ball 2-0: Ball 3-0: SINGLE (Groundball, 34, EV 105.6 MPH) (infield hit)
|
|
Pitching: RHP Timmy John Aaron-Lee Frank Silveira
|
|
|
Batting: RHB Adriaan Pieters
|
0-0: Ball 1-0: Ball 2-0: Ball 3-0: Called Strike 3-1: Called Strike 3-2: Strikes out swinging
|
|
Batting: LHB Jeff Taylor
|
0-0: Called Strike 0-1: Called Strike 0-2: Fly out, F4 (Flyball, 3D, EV 80.6 MPH)
|
|
Batting: SHB Jean-François Bernard
|
0-0: Ball 1-0: Swinging Strike 1-1: Foul Ball, location: 2F 1-2: Ball 2-2: Ball 3-2: Foul Ball, location: 2F 3-2: Strikes out swinging
|
| Top of the 8th over - 0 runs, 1 hit, 0 errors, 1 left on base; Milwaukee 3 - Cincinnati 8 |
| BOTTOM OF THE 8TH |
|
Cincinnati Reds batting - Pitching for Milwaukee Brewers : RHP Malibok Fflunker
|
|
Batting: RHB Fred Slade
|
0-0: Ball 1-0: Fly out, F6 (Line Drive, 6, EV 75.6 MPH)
|
|
Batting: LHB Andy Arbuckle
|
0-0: Ball 1-0: Called Strike 1-1: Ball 2-1: Foul Ball, location: 2F 2-2: Foul Ball, location: 2F 2-2: SINGLE (Line Drive, 56D, EV 95.6 MPH)
|
|
Batting: LHB Sean Geisler
|
0-0: Called Strike 0-1: Fly out, F7 (Line Drive, 8LM, EV 93.8 MPH)
|
|
Pitching: RHP Willie Felix
|
|
|
Batting: SHB Dave Barefoot
|
0-0: 2-RUN HOME RUN (Line Drive, 9LD, EV 95.0 MPH), Distance : 350 ft
|
|
Batting: LHB Jake Bill
|
0-0: Called Strike 0-1: Swinging Strike 0-2: Strikes out swinging
|
| Bottom of the 8th over - 2 runs, 2 hits, 0 errors, 0 left on base; Milwaukee 3 - Cincinnati 10 |
| TOP OF THE 9TH |
|
Milwaukee Brewers batting - Pitching for Cincinnati Reds : RHP Timmy John Aaron-Lee Frank Silveira
|
|
Batting: RHB Kisho Ito
|
0-0: Foul Ball, location: 2F 0-1: Ground out 3-1 (Groundball, 34, EV 88.1 MPH)
|
|
Batting: RHB Jason Gee
|
0-0: Foul Ball, location: 2F 0-1: Foul Ball, location: 2F 0-2: Ball 1-2: Strikes out swinging
|
|
Batting: RHB Ben Campbell
|
0-0: Called Strike 0-1: Called Strike 0-2: Ball 1-2: Foul Ball, location: 2F 1-2: Ball 2-2: DOUBLE (Groundball, 5L, EV 103.8 MPH)
|
|
Batting: RHB Daniel Donovan
|
0-0: Ball 1-0: Foul Ball, location: 2F 1-1: Swinging Strike 1-2: Ball 2-2: Foul Ball, location: 2F 2-2: Ball 3-2: Base on Balls
|
|
Batting: RHB Adrian Rudkilde
|
0-0: SINGLE (Flyball, 7LS, EV 89.4 MPH) Ben Campbell to third Daniel Donovan to second
|
|
Batting: SHB Jason Woods
|
0-0: Ball 1-0: SINGLE (Groundball, 4, EV 96.9 MPH) Ben Campbell scores Daniel Donovan to third Adrian Rudkilde to second
|
|
Batting: RHB Adriaan Pieters
|
0-0: Ground out U3 (Groundball, 34, EV 83.1 MPH)
|
| Top of the 9th over - 1 run, 3 hits, 0 errors, 3 left on base; Milwaukee 4 - Cincinnati 10 |
|